 Dungeon Crawl Stone Soup version 0.16.0-17-g811c1d7 (console) character file.

28 mauris the Grasshopper (level 3, -7/28 HPs)
             Began as a Formicid Warper on Mar 21, 2015.
             Shot with an arrow by a centaur (9 damage)
             ... on level 9 of the Dungeon.
             The game lasted 00:01:24 (630 turns).

mauris the Grasshopper (Formicid Warper)             Turns: 630, Time: 00:01:24

Health: -7/28      AC:  3    Str: 15    XL:     3   Next: 27%
Magic:  7/7        EV: 12    Int: 12    God:
Gold:   0          SH:  0    Dex: 11    Spells: 1 memorised, 5 levels left

rFire  . . .     SeeInvis +     a - +0 short sword
rCold  . . .     Clarity  .     b - +0 leather armour {3}
rNeg   . . .     SustAb   .     (no shield)
rPois  .         Gourm    .     (helmet unavailable)
rElec  .         Spirit   .     (no cloak)
rCorr  .         Warding  .     (no gloves)
rMut   .         Stasis   +     (no boots)
MR     .....                    (no amulet)
Stlth  +.........               (no ring)
                                (no ring)

@: not resistant to hostile enchantments, very unstealthy
A: permanent stasis, dig shafts and tunnels, four strong arms, antennae 3
a: Dig, Shaft Self


You were on level 9 of the Dungeon.
You were not hungry.

You visited 1 branch of the dungeon, and saw 10 of its levels.

Inventory:

Hand weapons
 a - a +0 short sword (weapon)
Missiles
 e - 5 tomahawks of dispersal (quivered) {!f}
Armour
 b - a +0 leather armour (worn) {3}
Books
 c - a book of Spatial Translocations

   Spells                             Type                      Level
   a - Apportation                    Translocation                1
   b - Blink                          Translocation                2
   c - Shroud of Golubria             Charms/Translocation         2
   d - Portal Projectile              Translocation                3
   e - Teleport Other                 Translocation                3
   f - Passage of Golubria            Translocation                4


   Skills:
 + Level 2.3 Fighting
 + Level 2.1 Short Blades
 + Level 1.2 Throwing
 + Level 1.3 Armour
 + Level 2.1 Dodging
 + Level 2.3 Spellcasting
 + Level 2.9 Translocations


You had 5 spell levels left.
You knew the following spells:

 Your Spells              Type           Power        Failure   Level  Hunger
A - Apportation           Tloc           #.........   12%         1    ##.....


Dungeon Overview and Level Annotations

Branches:
Dungeon (12/15)
 Temple: D:4-7         Lair: D:8-11         Orc: D:9-12

Altars:


Innate Abilities, Weirdness & Mutations

You are under a permanent stasis effect.
You can dig through walls and to a lower floor.
Your four strong arms can wield two-handed weapons with a shield.
You have a pair of large antennae on your head (SInv).


Message History

You see here an arrow.
Huge Dmg: -39%(-11hp) hp: 61%(17hp)
The centaur shoots an arrow.
The arrow hits you!
* * * LOW HITPOINT WARNING * * *
The centaur shoots an arrow.
The arrow hits you.
* * * LOW HITPOINT WARNING * * *
The hobgoblin barely misses you.
You see here 2 arrows.
Huge Dmg: -53%(-15hp) hp: 8%(2hp) Unknown command.
You aren't carrying any potions.
You hit the hobgoblin!
You kill the hobgoblin!
Read which item? (? for menu, Esc to quit)
As you read the scroll labeled BAAKLE SULO, it crumbles to dust.
You feel aware of your surroundings.
You sensed 2 altars, and 1 shop/portal.
It was a scroll of magic mapping.
The centaur shoots an arrow.
The arrow misses you.
The centaur shoots an arrow.
The arrow hits you!
You die...

###### ##### #....####
##...######........ ******
#..........)...(.(. ,,,,,*
****#....#########..... ,,,,,*
*,,,#.@..# *,,,,#...... ,,,,,*
*,,,#)#####*,*#.....###
,,,,,******,,,#c....#*,#....#.#..
,,,,,,,,,,,,,,+..................
,,,,,******,,,##.##.#.......#.#.#
,,,,,,,,,,*,,,**.#*,#***###...#.#
,,,,,****,******.#*,,,,,* #.##..,
,,**** *,,* *.#*****,* ***#+*#
,,* *****,* *.# *,****,,,,,


You could see a centaur.

Vanquished Creatures
  2 adders
  A shadow imp (D:8)
  A hobgoblin (D:9)
  A kobold (D:9)
  A rat (D:9)
6 creatures vanquished.

Notes
Turn   | Place    | Note
--------------------------------------------------------------
     0 | D:1      | mauris, the Formicid Warper, began the quest for the Orb.
     0 | D:1      | Reached XP level 1. HP: 16/16 MP: 3/3
     3 | D:1      | You fall through a shaft!
     6 | D:2      | You fall through a shaft!
     9 | D:3      | You fall through a shaft for 2 floors!
     9 | D:5      | Entered Level 5 of the Dungeon
    12 | D:5      | You fall through a shaft!
    12 | D:6      | Noticed an orc wizard
    12 | D:6      | Noticed an orc wizard
    14 | D:6      | Huge Dmg: 8 dmg
    16 | D:6      | You fall through a shaft for 2 floors!
    17 | D:8      | Huge Dmg: 3 dmg
    19 | D:8      | You fall through a shaft for 2 floors!
    19 | D:10     | Entered Level 10 of the Dungeon
   237 | D:10     | Noticed a hungry ghost
   246 | D:10     | You fall through a shaft!
   268 | D:11     | Reached skill level 1 in Throwing
   268 | D:11     | Reached XP level 2. HP: 19/22 MP: 5/5
   277 | D:12     | Noticed a wight
   277 | D:12     | Noticed a wight
   277 | D:12     | Noticed a slime creature
   277 | D:12     | Noticed a slime creature
   277 | D:12     | Noticed a slime creature
   277 | D:12     | Noticed a slime creature
   277 | D:12     | Noticed a slime creature
   277 | D:12     | Noticed a slime creature
   348 | D:8      | Huge Dmg: 4 dmg
   432 | D:8      | Huge Dmg: 4 dmg
   433 | D:8      | Huge Dmg: 3 dmg
   433 | D:8      | Reached XP level 3. HP: 13/27 MP: 5/7
   541 | D:8      | Noticed an orc wizard
   623 | D:9      | Noticed a centaur
   624 | D:9      | Huge Dmg: 11 dmg
   625 | D:9      | Huge Dmg: 15 dmg
   630 | D:9      | Shot with an arrow by a centaur

Action                   || total
-------------------------++-------
Melee: Short sword       ||    17
 Abil: Shaft Self        ||     7
  Use: Scroll            ||     1
  Eat: Bread ration      ||     1

Vault maps used:
D:1:      elethiomel_arrival_infinity_welcomes_careful_drivers
D:2:      minmay_box_of_dots
D:3:      nicolae_overflow_quartered_altars
D:5:      temple_statues, serial_shops,
          nicolae_shop_competitors_out_of_business, first_bread
D:8:      kennysheep_vampire_church, minitemple, serial_shops, shop,
          blue_anna_alchemist, mrwooster_statue_mirror, okawaru_gym_becter,
          uniq_grum
D:9:      fedhas_altar_1, serial_shops, shop, kennysheep_flooded_box
D:10:     david_lair_generic, nicolae_elemental_shop
D:11:     orc_david_3, david_defended_altar_elf, uniq_urug, uniq_fannar
D:12:     nrook_mini_vaults, st_stairs_6
